 Dungeon Crawl Stone Soup version 0.30.1-11-g7821555f0a (webtiles) character file.

Game seed: 13602529926921744616

87 jagang the Trooper (level 4, -2/38 HPs)
             Began as a Barachi Monk on Nov 15, 2023.
             Slain by an orc
             ... wielding a +0 short sword
              (5 damage)
             ... on level 3 of the Dungeon.
             The game lasted 00:04:19 (1141 turns).

jagang the Trooper (Barachi Monk)                   Turns: 1141, Time: 00:04:20

Health: -2/38      AC:  6    Str: 12    XL:     4   Next: 51%
Magic:  4/4        EV: 10    Int: 10    God:
Gold:   61         SH:  0    Dex: 17    Spells: 3/3 levels left

rFire   . . .        a - +0 falchion
rCold   + . .        d - orb {light}
rNeg    + . .        l - +0 scale mail
rPois   .            (no helmet)
rElec   .            (no cloak)
rCorr   .            (no gloves)
SInv    .            (no boots)
Will    .....        (no amulet) Stlth
                     i - ring of protection from cold
HPRegen 0.26/turn    r - ring of positive energy
MPRegen 0.09/turn

%: no passive effects
@: glowing, slow
A: amphibious, slowness 1, strong legs 1, +LOS
a: Hop


You were on level 3 of the Dungeon.
You visited 1 branch of the dungeon, and saw 3 of its levels.

You collected 61 gold pieces.

Inventory:

Hand Weapons
 a - a +0 falchion (weapon)
Armour
 b - a +0 robe
 d - an orb of light (worn)
 l - a +0 scale mail (worn)
Jewellery
 i - a ring of protection from cold (left hand)
 r - a ring of positive energy (right hand)
Scrolls
 e - a scroll of vulnerability {unknown}
 f - 6 scrolls of identify {unknown}
 g - 2 scrolls of fear {unknown}
 j - 2 scrolls of blinking {unknown}
 k - 3 scrolls of poison {unknown}
 n - a scroll of teleportation {unknown}
 o - a scroll of immolation {unknown}
 s - a scroll of silence {unknown}
Potions
 c - 2 potions of ambrosia
 h - 2 potions of haste {unknown}
 m - a potion of experience {unknown}
 p - a potion of attraction {unknown}
 q - 2 potions of degeneration {unknown}
 t - a potion of mutation {unknown}


   Skills:
 + Level 4.6 Fighting
 + Level 4.6 Long Blades
 + Level 2.5 Armour
 - Level 3.2 Dodging


You had 3 spell levels left.
You didn't know any spells.
Your spell library was empty.

Dungeon Overview and Level Annotations

Branches:
Dungeon (3/15)

Altars:
Xom


Innate Abilities, Weirdness & Mutations

You are amphibious.
You cover ground slowly.
You can hop short distances.
You have an extended range of vision and can be seen from far away.


Message History

The orc barely misses you. The orc hits you with a +0 dagger.
* * * LOW HITPOINT WARNING * * *
You are confused.
You feel invigorated. The orc hits you but does no damage.
The orc hits you with a +0 dagger.
* * * LOW HITPOINT WARNING * * *
You bump into the rock wall.
The orc hits you from afar with a +0 trident!
* * * LOW HITPOINT WARNING * * *
The orc hits you but does no damage.
You hit the orc.
You kill the orc!
The orc misses you.
You bump into the rock wall.
You are ready to hop once more.
The orc misses you.
The orc hits you from afar with a +0 trident!
* * * LOW HITPOINT WARNING * * *
You bump into the rock wall.
The orc hits you but does no damage. The orc barely misses you.
You bump into the rock wall.
You feel less invigorated.
You feel less confused. The orc hits you with a +0 short sword.
* * * LOW HITPOINT WARNING * * *
The orc barely misses you.
You hit the orc.
The orc is lightly wounded.
The orc barely misses you. The orc closely misses you.
You hit the orc.
The orc is heavily wounded.
The orc misses you. x2
You barely miss the orc.
The orc is heavily wounded.
The orc hits you with a +0 short sword.
* * * LOW HITPOINT WARNING * * *
The orc hits you but does no damage.
You hit the orc but do no damage.
The orc is heavily wounded.
The orc hits you with a +0 short sword.
You die...

##...#####.#
#########...<......#
.............#####.
..........#..#
........>##..#
.........#...#
.........>..##
#.#...####.## # #...
#@# .....
#o########.# .##.
#oo.........
###.....##.
#.......#
#..o........
.............
..#...........
#.###.......#.#


You could see 3 orcs.

Vanquished Creatures
  An adder (D:2)
  2 dart slugs (D:1)
  8 orcs (D:3)
  7 ball pythons
  7 bats
  4 endoplasms
  A giant cockroach (D:2)
  4 hobgoblins
  5 jackals (D:2)
  9 kobolds
  A frilled lizard (D:1)
  8 goblins
  2 rats (D:2)
59 creatures vanquished.

Vanquished Creatures (others)
  An adder (D:3)
  An orc (D:3)
  A giant cockroach (D:3)
  2 hobgoblins (D:3)
  A quokka (D:3)
  A ball python (D:3)
  A rat (D:3)
8 creatures vanquished.

Grand Total: 67 creatures vanquished

Notes
Turn   | Place    | Note
-------+----------+-------------------------------------------
     0 | D:1      | jagang the Barachi Monk began the quest for the Orb.
     0 | D:1      | Reached XP level 1. HP: 18/18 MP: 1/1
    43 | D:1      | Found a faded altar of an unknown god.
    63 | D:1      | Reached skill level 1 in Armour
    63 | D:1      | Reached XP level 2. HP: 25/25 MP: 2/2
   309 | D:1      | Reached XP level 3. HP: 25/30 MP: 3/3
   803 | D:2      | Reached XP level 4. HP: 32/38 MP: 4/4
   986 | D:3      | Found a shimmering altar of Xom.
  1131 | D:3      | HP: 1/38 [orc/+0 dagger (3)]
  1141 | D:3      | Slain by an orc

Illustrated notes

Levels and vault maps discovered:
D:1:      lightli_molten_gateway, layout_basic,
          hellmonk_ecumenical_altar_run_dry
D:2:      minmay_spotlight, layout_rooms, kennysheep_crisscross
D:3:      layout_loops_ring, nicolae_qazlal_eye_of_the_storm,
          xom_confusion_cloud, hellmonk_ghost_happy_afterlife,
          nrook_mini_vaults, mrwooster_statue_mirror,
          minmay_fractal_squares_diagonal_5, uniq_sigmund, uniq_terence,
          uniq_robin

Skill      XL: |  1  2  3 |
---------------+----------+-----
Armour         | 1 2 |  2.5
Long Blades    | 4 |  4.6
Fighting       | 4 |  4.6
Dodging        | |  3.2

Action                     |  1- 3 |  4- 6 || total
---------------------------+-------+-------++-------
  Melee: Falchion          |    78 |    59 ||   137
Ability: Hop               |     1 |     1 ||     2
    Use: Potion            |       |     1 ||     1
   Stab: Sleeping          |     1 |       ||     1
 Armour: Robe              |     1 |       ||     1
         Scale mail        |    22 |    26 ||    48
  Dodge: Dodged            |    59 |    44 ||   103
